 Dungeon Crawl Stone Soup version 0.29-a0-88-g03a7b78be7 (webtiles) character file.

Game seed: 9666405654330618445

5 dmks the Digger (level 1, 0/10 HPs)
             Began as a Gargoyle Earth Elementalist on Feb 5, 2022.
             Slain by a giant cockroach (1 damage)
             ... on level 1 of the Dungeon.
             The game lasted 00:00:31 (202 turns).

dmks the Digger (Gargoyle Earth Elementalist)        Turns: 202, Time: 00:00:32

Health: 0/10       AC:  4    Str: 11    XL:     1   Next: 80%
Magic:  1/3        EV: 12    Int: 15    God:
Gold:   0          SH:  0    Dex: 10    Spells: 3/4 levels left

rFire   . . .      SeeInvis .   (no weapon)
rCold   . . .      Faith    .   (no shield)
rNeg    + . .      Spirit   .   b - +0 robe
rPois   ∞          Reflect  .   (no helmet)
rElec   +          Harm     .   (no cloak)
rCorr   .          Rampage  .   (no gloves)
Will    .....                   (no boots)
Stlth   ++........              (no amulet)
HPRegen 0.03/turn               (no ring)
MPRegen 0.08/turn               (no ring)

@: no status effects
A: sickness immunity, AC +2, negative energy resistance 1, electricity
resistance, torment resistance 1, petrification resistance
a: no special abilities


You were on level 1 of the Dungeon.
You visited 1 branch of the dungeon, and saw 1 of its levels.

Inventory:

Missiles
 c - 21 stones
Armour
 b - a +0 robe (worn)
Potions
 a - a potion of magic {unknown}


   Skills:
 + Level 1.6 Dodging
 + Level 2.3 Stealth
 + Level 2.0 Spellcasting
 + Level 0.9 Transmutations
 * Level 3.8 Earth Magic


You had 3 spell levels left.
You knew the following spells:

 Your Spells              Type           Power      Damage    Failure   Level
a - Sandblast             Erth           26%        2d8       4%          1

Your spell library contained the following spells:

 Spells                   Type           Power      Damage    Failure   Level
 Passwall                 Tmut/Erth      6%         N/A       13%         2
 Stone Arrow              Conj/Erth      14%        3d7       30%         3
 Petrify                  Tmut/Erth      8%         N/A       63%         4


Dungeon Overview and Level Annotations

Branches:
Dungeon (1/15)

Altars:


Innate Abilities, Weirdness & Mutations

You are immune to sickness and miasma.
Your stone body is resilient. (AC +2)
You are immune to poison.
You resist negative energy. (rN+)
You are resistant to electric shocks. (rElec)
You are resistant to unholy torment.
You are immune to petrification.


Message History

a - an inky potion
Found a stone staircase leading down.
Found 28 stones.
There is a stone staircase leading down here.
A bat and a dart slug come into view.
There are monsters nearby!
You can't see any susceptible monsters within range! (Use Z to cast anyway.)
You can't see any susceptible monsters within range! (Use Z to cast anyway.)
A giant cockroach comes into view.
The bat hits you but does no damage.
Aim: a bat (69% to hit)
The blast of sand misses the bat.
The bat hits you but does no damage.
Aim: a bat (69% to hit)
The blast of sand misses the bat.
The bat barely misses you.
Aim: a bat (69% to hit)
The blast of sand hits the bat.
You kill the bat!
You don't have enough magic to cast this spell.
The dart slug bites you but does no damage.
You hit the dart slug but do no damage. You completely miss the dart slug.
The dart slug bites you but does no damage.
You hit the dart slug but do no damage. The dart slug barely misses you.
You hit the dart slug but do no damage. The giant cockroach bites you.
The dart slug closely misses you.
You hit the dart slug.
The giant cockroach bites you but does no damage.
The giant cockroach bites you.
You hit the dart slug. The dart slug barely misses you.
The giant cockroach misses you.
You hit the dart slug. The giant cockroach closely misses you.
The dart slug misses you.
You hit the dart slug. The giant cockroach closely misses you.
You hit the dart slug but do no damage. The giant cockroach closely misses you.
The dart slug launches a dart at you. The slug dart hits you.
* * * LOW HITPOINT WARNING * * *
You hit the giant cockroach but do no damage.
The giant cockroach bites you but does no damage.
The dart slug barely misses you. The giant cockroach bites you.
* * * LOW HITPOINT WARNING * * *
You hit the giant cockroach. The giant cockroach barely misses you.
You barely miss the giant cockroach. The dart slug launches a dart at you.
The slug dart hits you.
* * * LOW HITPOINT WARNING * * *
The giant cockroach bites you.
* * * LOW HITPOINT WARNING * * *
You closely miss the giant cockroach. The giant cockroach bites you.
You die...

......# ###
##.....# ...
. ......#
### ..#
..####.....#
#.#####.#
...........#
##.'...#.#
...........#
#..'.♣.#.#
......w....#
#'##...'.#
......B@†#.#
#<.#####.#
########...#
#..# ♣♣♣.#
##.(# ####
♣⌠..## #..#
♣♣♣... ##>#
###. .. #.#
########.
..#######.##
........#
.........^.#
.........
...........#
.........


You could see a dart slug and a giant cockroach.

Vanquished Creatures
  2 bats (D:1)
  A kobold (D:1)
  A ball python (D:1)
  A goblin (D:1)
  A rat (D:1)
6 creatures vanquished.

Notes
Turn   | Place    | Note
-------+----------+-------------------------------------------
     0 | D:1      | dmks the Gargoyle Earth Elementalist began the quest for
                  | the Orb.
     0 | D:1      | Reached XP level 1. HP: 10/10 MP: 3/3
   202 | D:1      | Slain by a giant cockroach

Illustrated notes

Levels and vault maps discovered:
D:1:      sevenhm_arrival_forest_fort_small_3, layout_basic, chequers_garden

Action                   || total
-------------------------++-------
Melee: Unarmed           ||    15
 Cast: Sandblast         ||     9
Armor: Robe              ||     7
Dodge: Dodged            ||    12

Table legend: (Time is in decaauts)
 A = Elapsed time spent in this place.
 B = Non-inter-level travel time spent in this place.
 C = Inter-level travel time spent in this place.
 D = Time resting spent in this place.
 E = Time spent auto-exploring this place.
 F = Levels seen in this place.
 G = Mean time per level.
                   A        B        C        D        E       F      G
               +--------+--------+--------+--------+--------+-----+--------+
         Total |    202 |    202 |      0 |      0 |    163 |   1 |  202.0 |
       Dungeon |    202 |    202 |      0 |      0 |    163 |   1 |  202.0 |
               +--------+--------+--------+--------+--------+-----+--------+

Top non-repeatable levels by time:
     D:1: 202 daAuts
